 Dungeon Crawl Stone Soup version 0.28.0-43-g3370ac3207 (webtiles) character file.

Game seed: 18116746053743907473

9872 croobank the Arsonist (level 11, -1/66 HPs)
             Began as a Pale Draconian Fire Elementalist on Mar 4, 2022.
             Was a Believer of Hepliaklqana.
             Slain by a boulder beetle (24 damage)
             ... on level 11 of the Dungeon on Mar 5, 2022.
             The game lasted 00:40:31 (12246 turns).

croobank the Arsonist (DrFE)                       Turns: 12246, Time: 00:40:32

Health: -1/66      AC: 10    Str: 11    XL:     11   Next: 28%
Magic:  15/30      EV: 14    Int: 26    God:    Hepliaklqana [**....]
Gold:   459        SH:  0    Dex: 11    Spells: 6/24 levels left

rFire   + . .      SeeInvis .   J - staff of fire
rCold   . . .      Faith    .   (no shield)
rNeg    . . .      Spirit   .   (armour unavailable)
rPois   .          Reflect  .   (helmet restricted)
rElec   .          Harm     .   H - +0 cloak
rCorr   .          Rampage  .   l - +1 pair of gloves
Will    .....                   (no boots)
Stlth   +++.......              u - amulet of regeneration
HPRegen 1.01/turn               D - ring of magical power
MPRegen 0.22/turn               K - +6 ring of intelligence

@: no status effects
A: reduced essence, breathe steam, AC +7, unfitting armour, cold-blooded, steam
resistance
a: Breathe Steam, Renounce Religion, Recall Ancestor, Ancestor Identity


You were on level 11 of the Dungeon.
You worshipped Hepliaklqana.
Hepliaklqana was pleased with you.
You visited 2 branches of the dungeon, and saw 12 of its levels.

You collected 699 gold pieces.
You spent 240 gold pieces at shops.

Inventory:

Hand Weapons
 a - a +0 vorpal trident
 b - a +0 hunting sling
 k - a +1 dagger of flaming
 p - a +1 short sword of flaming
 q - a +0 short sword of venom
 A - a +1 vorpal hand axe
 B - a +0 morningstar
 G - a +2 quarterstaff of chaos
 L - a +2 short sword of freezing
 R - a +0 dagger of speed
 S - a +0 dire flail
 U - a +2 scimitar of draining
 W - a +1 short sword of distortion
Missiles
 d - 134 arrows
 e - 370 stones
 f - 28 poisoned darts (quivered)
 g - 112 sling bullets
 i - 11 boomerangs
 o - 2 throwing nets
 x - 73 bolts
 X - 3 curare-tipped darts
Armour
 l - a +1 pair of gloves (worn)
 t - a +0 buckler
 H - a +0 cloak (worn)
 P - a +0 kite shield
Magical Staves
 J - a staff of fire (weapon)
Jewellery
 n - a ring of wizardry
 u - an amulet of regeneration (around neck)
 D - a ring of magical power (left hand)
 K - a +6 ring of intelligence (right hand)
 N - a ring of positive energy
Wands
 w - a wand of polymorph (1)
 O - a wand of iceblast (9)
 T - a wand of paralysis (2)
 V - a wand of digging (7)
Scrolls
 c - 2 scrolls of vulnerability
 j - 3 scrolls of fear
 m - 3 scrolls of blinking
 v - 2 scrolls of teleportation
 y - 3 scrolls of amnesia
 z - a scroll of enchant weapon {unknown}
 I - a scroll of fog {unknown}
 Q - a scroll of identify
Potions
 h - 4 potions of brilliance
 r - 2 potions of heal wounds
 s - a potion of mutation {unknown}
 C - 2 potions of haste {unknown}
 E - 2 potions of lignification
 F - a potion of might {unknown}
 M - a potion of degeneration {unknown}
 Y - a potion of curing


   Skills:
 + Level 6.9 Dodging
 + Level 7.5 Stealth
 + Level 7.0 Spellcasting
 + Level 7.3 Conjurations
 * Level 7.1 Transmutations
 + Level 8.8 Fire Magic


You had 6 spell levels left.
You knew the following spells:

 Your Spells              Type           Power      Damage    Failure   Level
a - Foxfire               Conj/Fire      100%       2x1d9     1%          1
b - Scorch                Fire           100%       2d10      1%          2
c - Flame Wave            Conj/Fire      66%        2d12      2%          4
d - Irradiate             Conj/Tmut      23%        3d21      9%          5
e - Dispersal             Tloc           4%         N/A       100%        6

Your spell library contained the following spells:

 Spells                   Type           Power      Damage    Failure   Level
 Wereblood                Tmut           46%        N/A       1%          2
 Conjure Flame            Conj/Fire      66%        6-21      1%          3
 Inner Flame              Hex/Fire       48%        N/A       3%          3
 Sublimation of Blood     Necr           9%         N/A       10%         2
 Petrify                  Tmut/Erth      27%        N/A       14%         4
 Gell's Gravitas          Tloc           9%         N/A       19%         3
 Teleport Other           Tloc           9%         N/A       19%         3
 Summon Hydra             Summ           4%         N/A       100%        7


Dungeon Overview and Level Annotations

Branches:
Dungeon (11/15)            Temple (1/1) D:7            Lair (0/6) D:8
    Orc (0/2) D:11

Altars:
Hepliaklqana
Kikubaaqudgha
Qazlal
Sif Muna
Trog
Yredelemnul
Beogh

Shops:
D:2 [   D:4 *   D:8 *!:


Innate Abilities, Weirdness & Mutations

Your life essence is reduced to manifest your ancestor. (-10% HP)
You can breathe blasts of scalding, opaque steam.
Your pale cyan-grey scales are hard. (AC +7)
You cannot fit into any form of body armour.
You are cold-blooded and may be slowed by cold attacks.
You are immune to the effects of steam.


Message History

Confirm with . or Enter, or press ? or * to list all spells.
You feel a surge of power!
Flames lash the boulder beetle but do no damage.
Amnanu hits the boulder beetle with a +0 quarterstaff!
The boulder beetle hits Amnanu!!!
Amnanu is destroyed!
The boulder beetle stops rolling and uncurls.
Casting: Scorch (safe; 1% risk of failure)
Confirm with . or Enter, or press ? or * to list all spells.
You feel a surge of power!
Flames lash the boulder beetle but do no damage.
The boulder beetle leaps!
Casting: Scorch (safe; 1% risk of failure)
Confirm with . or Enter, or press ? or * to list all spells.
You feel a surge of power!
You conjure some foxfire!
The foxfire hits the boulder beetle but does no damage.
The boulder beetle is almost dead.
Casting: Foxfire (safe; 1% risk of failure)
Confirm with . or Enter, or press ? or * to list all spells.
You can't see any susceptible monsters within range! (Use Z to cast anyway.)
The foxfire hits the boulder beetle but does no damage.
The boulder beetle is almost dead.
Casting: Foxfire (safe; 1% risk of failure)
Confirm with . or Enter, or press ? or * to list all spells.
You feel a surge of power!
Flames lash the boulder beetle but do no damage.
The boulder beetle curls into a ball and begins rolling!
Casting: Scorch (safe; 1% risk of failure)
Confirm with . or Enter, or press ? or * to list all spells.
You feel a surge of power!
Flames lash the boulder beetle but do no damage.
The boulder beetle barely misses you.
The boulder beetle stops rolling and uncurls.
Casting: Scorch (safe; 1% risk of failure)
Confirm with . or Enter, or press ? or * to list all spells.
You feel a surge of power!
Flames lash the boulder beetle.
The boulder beetle is almost dead.
The boulder beetle's fire resistance burns away.
The boulder beetle bites you!!
You die...

####.# ###
##########.#
#........#.#
#........#.#
#........#.#
#........#.#
#........#.#
#....B...#.#
#....@...#.#
#..........#
#######.####
#.# #.# #..
... ##


You could see a boulder beetle (combustible).

Vanquished Creatures
  2 two-headed ogres
  An unseen horror (D:10)
  Maggie (D:10)
  A hornet (D:7)
  A meliai zombie (D:9)
  A wyvern (D:9)
  14 yaks
  2 steam dragons
  Menkaure (D:6)
  An acid dragon (D:9)
  4 black bears
  2 ice beasts
  An orc warrior (D:9)
  An ogre (D:6)
  A centaur (D:5)
  2 phantoms (D:5)
  A kobold brigand (D:10)
  A gnoll sergeant (D:9)
  A water moccasin zombie (D:5)
  A scorpion (D:4)
  4 killer bees (D:8)
  2 electric eels (D:10)
  10 wights
  3 howler monkeys
  2 bullfrog zombies
  A centaur zombie (D:6)
  4 hounds
  A bullfrog skeleton (D:5)
  A centaur skeleton (D:5)
  4 orc priests
  Crazy Yiuf (D:7)
  2 orc wizards (D:4)
  A hound zombie (D:5)
  3 howler monkey zombies
  8 adders
  3 gnolls (D:9)
  2 shadow imps (D:6)
  A white imp (D:6)
  2 worms
  A dart slug (D:2)
  26 orcs
  3 bats
  7 endoplasms
  4 giant cockroaches
  8 goblins
  A hobgoblin (D:4)
  5 jackals
  4 ball pythons
  A frilled lizard (D:3)
  6 kobolds
  4 rats
165 creatures vanquished.

Vanquished Creatures (collateral kills)
  Sonja (D:11)
  2 wraiths
  11 yaks
  A howler monkey (D:9)
  An orc wizard (D:11)
  An orc (D:11)
17 creatures vanquished.

Vanquished Creatures (others)
  A battlemage (D:11)
  271 foxfires
272 creatures vanquished.

Grand Total: 454 creatures vanquished

Notes
Turn   | Place    | Note
-------+----------+-------------------------------------------
     0 | D:1      | croobank the Draconian Fire Elementalist began the quest
                  | for the Orb.
     0 | D:1      | Reached XP level 1. HP: 14/14 MP: 3/3
   406 | D:1      | Found a faded altar of an unknown god.
   546 | D:1      | Reached XP level 2. HP: 20/20 MP: 1/5
   549 | D:1      | Learned a level 2 spell: Scorch
  1522 | D:2      | Found Xuny's Antique Armour Boutique.
  1769 | D:3      | Reached XP level 3. HP: 20/26 MP: 2/6
  2518 | D:3      | Reached XP level 4. HP: 33/33 MP: 3/7
  2581 | D:5      | Entered Level 5 of the Dungeon
  3421 | D:3      | Identified the +0 leather armour of Follow the Leader
                  | {Int+4}
  4123 | D:3      | Reached XP level 5. HP: 20/38 MP: 0/9
  4623 | D:4      | Noticed a black bear
  4635 | D:4      | Killed a black bear
  4636 | D:4      | Reached skill level 4 in Fire Magic
  4636 | D:4      | Reached XP level 6. HP: 42/45 MP: 1/10
  4781 | D:4      | Learned a level 4 spell: Flame Wave
  4798 | D:4      | Found Mamej's General Store.
  5623 | D:5      | Your scales start taking on a pale cyan-grey colour.
  5623 | D:5      | Reached XP level 7. HP: 40/50 MP: 1/12
  5623 | D:5      | Gained mutation: You are immune to the effects of steam.
                  | [Pale Draconian growth]
  5626 | D:5      | Reached skill level 5 in Fire Magic
  6236 | D:6      | Noticed a steam dragon
  6244 | D:6      | Killed a steam dragon
  6245 | D:6      | Reached XP level 8. HP: 53/57 MP: 5/14
  6497 | D:6      | Noticed Menkaure
  6499 | D:6      | Killed Menkaure
  6850 | D:6      | Reached skill level 6 in Fire Magic
  6856 | D:6      | Reached skill level 5 in Stealth
  7356 | D:7      | Reached skill level 5 in Spellcasting
  7537 | D:7      | Reached skill level 5 in Dodging
  7537 | D:7      | Reached skill level 5 in Conjurations
  7568 | D:7      | Noticed a hornet
  7574 | D:7      | Killed a hornet
  7575 | D:7      | Reached XP level 9. HP: 62/62 MP: 9/16
  7581 | D:7      | Learned a level 5 spell: Irradiate
  7652 | D:7      | Found a staircase to the Ecumenical Temple.
  7672 | Temple   | Entered the Ecumenical Temple
  7722 | Temple   | Became a worshipper of Hepliaklqana the Forgotten
  7952 | D:7      | Found a runed translucent door.
  7953 | D:7      | Noticed Crazy Yiuf
  7958 | D:7      | Killed Crazy Yiuf
  7959 | D:7      | Reached skill level 1 in Transmutations
  8496 | D:8      | Found a staircase to the Lair.
  8523 | D:8      | Found Ucsan's Assorted Antiques.
  8537 | D:8      | Found Rotawn's Distillery.
  8548 | D:8      | Bought a potion of heal wounds for 80 gold pieces
  8548 | D:8      | Bought a potion of heal wounds for 80 gold pieces
  8548 | D:8      | Bought a potion of heal wounds for 80 gold pieces
  8585 | D:8      | Found Wufoisey's Book Emporium.
  8595 | D:8      | Reached skill level 7 in Fire Magic
  9351 | D:9      | Reached * piety under Hepliaklqana
  9499 | D:9      | Learned a level 6 spell: Dispersal
  9624 | D:9      | Reached XP level 10. HP: 31/62 MP: 5/18
 10580 | D:10     | Entered Level 10 of the Dungeon
 10643 | D:10     | Reached skill level 5 in Transmutations
 10807 | D:10     | Noticed a two-headed ogre
 10816 | D:10     | Killed a two-headed ogre
 10817 | D:10     | Reached skill level 8 in Fire Magic
 11078 | D:10     | Noticed Maggie
 11090 | D:10     | Killed Maggie
 11587 | D:10     | Found a shimmering blue altar of Sif Muna.
 11733 | D:11     | Reached ** piety under Hepliaklqana
 11734 | D:11     | Remembered your ancestor Amnanu as a battlemage
 11741 | D:11     | Noticed Sonja
 11746 | D:11     | Killed Sonja
 11747 | D:11     | Reached XP level 11. HP: 57/66 MP: 21/21
 11812 | D:11     | Noticed a two-headed ogre
 11820 | D:11     | Killed a two-headed ogre
 12076 | D:11     | Found a staircase to the Orcish Mines.
 12223 | D:11     | Noticed a boulder beetle
 12246 | D:11     | Slain by a boulder beetle

Illustrated notes

Levels and vault maps discovered:
D:1:      minmay_arrival_wavy_path, layout_basic, basic_ecumenical_altar,
          serial_bayou_pond_d
D:2:      layout_rooms, serial_shops, shop_coins
D:3:      layout_basic
D:4:      layout_basic, serial_shops, shop, dk_vineyard_3
D:5:      layout_rooms, chequers_ossuary_entry_cave, grunt_ministairs_14
D:6:      layout_basic, hangedman_glass_teeth, uniq_menkaure
D:7:      layout_basic, minmay_temple_entry_ruins, uniq_crazy_yiuf_cottage
D:8:      layout_basic, lair_entry_dummy, serial_shops,
          nicolae_shop_temple_entry_statues_fountains, shop, shop,
          amcnicky_mini_corridor_feature, hex_intersection, interstate_on_off
D:9:      layout_basic, minivault_1
D:10:     layout_basic, kennysheep_mini, enter_bailey_3, grunt_ministairs_13,
          hangedman_decor_peaks_small, minmay_misc_feat_x, uniq_maggie
D:11:     minmay_clustersquares, layout_basic, minmay_orc_entry_temple_small,
          ebering_ghost_xom, okawaru_humans, uniq_sonja
Temple:   mainiacjoe_temple_hex_bubbles

Skill      XL: |  1  2  3  4  5  6  7  8  9 10 11 |
---------------+----------------------------------+-----
Stealth        | 2 3 4 5 6 7 |  7.5
Dodging        | 2 3 4 5 6 |  6.9
Conjurations   | 2 3 4 5 6 7 |  7.3
Spellcasting   | 3 4 5 6 7 |  7.0
Fire Magic     | 4 5 6 7 8 |  8.8
Transmutations | 4 6 7 |  7.1

Action                   |  1- 3 |  4- 6 |  7- 9 | 10-12 || total
-------------------------+-------+-------+-------+-------++-------
Melee: Unarmed           |     9 |       |       |       ||     9
       Tailslap          |     2 |     5 |     7 |    15 ||    29
       Trident           |    15 |    32 |    21 |       ||    68
       Punch             |       |     1 |       |     2 ||     3
       Quarterstaff      |       |       |    10 |     3 ||    13
       Staff             |       |       |       |    58 ||    58
 Fire: Hunting sling     |     1 |       |       |       ||     1
Throw: Dart              |       |       |     3 |       ||     3
       Boomerang         |       |       |     1 |       ||     1
 Cast: Foxfire           |    59 |    59 |    35 |     9 ||   162
       Scorch            |       |    28 |    61 |    61 ||   150
       Flame Wave        |       |       |     3 |     2 ||     5
       Irradiate         |       |       |     1 |     4 ||     5
Invok: Ancestor Life: Ba |       |       |       |     1 ||     1
 Abil: Breathe Steam     |       |       |    20 |     6 ||    26
Evoke: Wand              |       |       |       |     3 ||     3
  Use: Scroll            |     2 |     7 |     4 |     3 ||    16
       Potion            |       |     2 |     2 |       ||     4
 Stab: Paralysed         |       |       |       |     5 ||     5
       Sleeping          |       |       |       |     1 ||     1
Armor: Skin              |    18 |    35 |    30 |    30 ||   113
Dodge: Dodged            |    31 |    57 |    72 |    71 ||   231
